Map: Year Zero LE

Players

PtitDrogo - Winner!

  • Race: Protoss Protoss
  • Spawn Location: 11:00

HellraiseR

  • Race: Protoss Protoss
  • Spawn Location: 1:00

Event: 2019 WCS Spring

VOD

Have the link to the VOD?

Description

Time

  • Played on: May 18, 2019, 10:18 a.m.
  • Length: 7:58

All games in this series

Show
View Real Time Build Order
Export as new Build Order

PtitDrogo Protoss - Winner!

Build Orders:  

Get SALT Encoding   

  12  0:00  Probe  
  13  0:13  Probe  
  14  0:18  Pylon  
  14  0:24  Probe  
  15  0:32  Probe  
  15  0:39  Gateway  
  15  0:40  Probe  
  16  0:47  Assimilator  
  17  0:51  Probe  
  17  0:55  Assimilator  
  18  0:59  Probe  
  19  1:07  Probe  
  19  1:15  Gateway  
  19  1:17  Probe  
  21  1:26  Cybernetics Core  
  21  1:29  Probe  
  22  1:36  Pylon  
  22  1:42  Probe  
  23  1:54  Warp Gate, Probe  
  24  2:03  Stalker  
  24  2:04  Sentry  
  28  2:10  Probe  
  28  2:13  Pylon  
  29  2:20  Pylon  
  29  2:26  Probe  
  30  2:32  Stalker  
  32  2:42  Stalker  
  34  2:56  Nexus  
  34  3:01  Probe  
  35  3:07  Shield Battery  
  35  3:14  Probe  
  35  3:17  Sentry  
  38  3:20  Pylon  
  38  3:32  Shield Battery  
  38  3:37  Forge  
  38  3:38  Sentry  
  38  3:40  Probe  
  41  3:50  Probe  
  41  3:53  Stalker  
  44  3:58  Probe  
  44  4:04  Probe  
  44  4:06  Probe  
  42  4:12  Probe  
  42  4:13  Stalker  
  46  4:18  Probe  
  46  4:22  Probe  
  46  4:24  Twilight Council  
  47  4:26  Protoss Ground Weapons Level 1  
  47  4:28  Stalker  
  50  4:34  Probe  
  50  4:36  Probe  
  51  4:42  Probe  
  51  4:45  Blink, Robotics Facility  
  51  4:49  Probe  
  51  4:51  Probe  
  52  5:01  Assimilator, Probe  
  52  5:03  Probe  
  52  5:04  Assimilator  
  54  5:13  Probe  
  55  5:15  Probe  
  55  5:19  Pylon  
  56  5:25  Probe  
  56  5:27  Observer, Probe  
  59  5:37  Probe  
  59  5:38  Gateway  
  59  5:39  Probe  
  59  5:41  Gateway  
  61  5:46  Immortal  
  61  5:49  Probe  
  67  5:57  Probe  
  67  6:02  Pylon, Gateway  
  67  6:03  Gateway  
  67  6:05  Pylon  
  67  6:06  Gateway  
  67  6:11  Sentry  
  67  6:13  Pylon  
  67  6:15  Probe  
  67  6:16  Warp Prism  
  72  6:27  Stalker  
  74  6:33  Stalker  
  74  6:36  Pylon  
  76  6:44  Stalker x2  
  80  6:50  Stalker  
  82  7:01  Stalker x3, Observer  
  82  7:07  Pylon  
  88  7:09  Observer  
  89  7:16  Stalker  
  89  7:17  Stalker x2  
  89  7:20  Stalker  
  81  7:46  Stalker x6  
  93  7:56  Stalker  
Show
View Real Time Build Order
Export as new Build Order

HellraiseR Protoss 

Build Orders: Oracle Opening 

Get SALT Encoding   

  12  0:00  Probe  
  13  0:12  Probe  
  14  0:18  Pylon  
  14  0:22  Probe  
  15  0:32  Probe  
  15  0:38  Gateway  
  15  0:41  Probe  
  16  0:46  Assimilator  
  17  0:53  Probe  
  17  0:56  Assimilator  
  18  1:01  Probe  
  18  1:09  Probe  
  18  1:10  Gateway  
  20  1:20  Probe  
  21  1:27  Cybernetics Core  
  21  1:32  Probe  
  22  1:42  Pylon  
  22  1:44  Probe  
  23  2:00  Probe  
  24  2:03  Warp Gate, Adept x2  
  28  2:09  Pylon  
  28  2:13  Probe  
  29  2:28  Stargate  
  29  2:33  Stalker  
  29  2:36  Stalker  
  33  3:01  Oracle  
  33  3:02  Nexus  
  36  3:16  Probe  
  37  3:28  Probe, Pylon  
  38  3:40  Probe  
  39  3:46  Oracle  
  42  3:51  Twilight Council  
  42  3:52  Probe  
  43  4:04  Probe  
  41  4:11  Stalker  
  41  4:12  Stalker, Probe  
  41  4:16  Probe  
  47  4:20  Probe  
  47  4:29  Probe x2  
  49  4:37  Probe, Blink  
  46  4:41  Probe  
  48  4:45  Probe  
  48  4:48  Forge  
  49  4:53  Probe  
  49  4:55  Stalker  
  49  4:56  Stalker  
  49  4:59  Probe  
  55  5:05  Probe  
  56  5:07  Robotics Facility  
  56  5:09  Probe  
  56  5:13  Assimilator  
  57  5:16  Protoss Ground Weapons Level 1  
  57  5:17  Probe x2, Pylon  
  58  5:25  Probe  
  58  5:26  Assimilator  
  59  5:29  Probe  
  61  5:40  Gateway  
  61  5:41  Probe  
  61  5:42  Stalker x2  
  66  5:43  Probe  
  67  5:54  Gateway  
  67  5:58  Robotics Bay  
  67  6:00  Photon Cannon  
  67  6:03  Pylon  
  67  6:04  Probe  
  68  6:14  Shield Battery  
  68  6:15  Pylon  
  68  6:16  Sentry  
  70  6:26  Warp Prism  
  70  6:31  Stalker  
  72  6:35  Dark Shrine  
  74  6:42  Stalker x2  
  78  6:51  Pylon  
  78  6:57  Disruptor  
  81  7:09  Gateway  
  81  7:10  Gateway  
  81  7:13  Stalker x4  
  89  7:29  Pylon  
  88  7:46  Pylon  
  88  7:47  Zealot, Pylon  
  88  7:48  Zealot, Pylon  
  88  7:51  Dark Templar  
Tags
 
Add a new tag
Caveats
  • Supply blocks, unpowered buildings, or Contaminate may cause inaccurate times.
  • Supply counts are checked every 10 seconds.